 Dungeon Crawl Stone Soup version 0.27.1-34-g3ba077fa99 (webtiles) character file.

Game seed: 14458777658677935553

98 Delamore the Sneak (level 4, -1/29 HPs)
             Began as an Octopode Brigand on Jan 31, 2022.
             Killed from afar by Natasha (7 damage)
             ... with a magic dart
             ... on level 2 of the Dungeon.
             The game lasted 00:01:20 (2094 turns).

Delamore the Sneak (Octopode Brigand)               Turns: 2094, Time: 00:01:21

Health: -1/29      AC:  1    Str: 10    XL:     4   Next: 71%
Magic:  4/4        EV: 12    Int: 19    God:
Gold:   49         SH:  3    Dex: 14    Spells: 3/3 levels left

rFire    . . .     SeeInvis .   a - +2 dagger
rCold    . . .     Faith    .   i - +0 buckler
rNeg     . . .     Spirit   .   (helmet restricted)
rPois    .         Reflect  .   (no amulet)
rElec    .         Harm     .   g - +6 ring of intelligence
rCorr    .         Rampage  .   (no ring)
Will     .....                  (no ring)
Stlth    +++++.....             (no ring)
HPRegen  0.09/turn              (no ring)
MPRegen  0.09/turn              (no ring)
                                (no ring)
                                (no ring)

@: slowed, very slow
A: almost no armour, amphibious, 8 rings, camouflage 1, gelatinous body 1,
(nimble swimmer 1), tentacles
a: no special abilities


You were on level 2 of the Dungeon.
You visited 1 branch of the dungeon, and saw 2 of its levels.

You collected 49 gold pieces.

Inventory:

Hand Weapons
 a - a +2 dagger (weapon)
Missiles
 b - 24 poisoned darts (quivered)
 c - 2 curare-tipped darts
Armour
 i - a +0 buckler (worn)
Jewellery
 g - a +6 ring of intelligence (left tentacle)
Scrolls
 d - a scroll of teleportation {unknown}
 f - a scroll of enchant armour
 k - a scroll of identify
 l - a scroll of fear {unknown}
Potions
 e - a potion of curing {unknown}
 h - a potion of resistance {unknown}
 j - a potion of ambrosia {unknown}


   Skills:
 - Level 2.0 Fighting
 + Level 3.1 Short Blades
 - Level 2.0 Throwing
 - Level 1.0 Dodging
 * Level 7.4 Stealth
 + Level 0.3 Shields


You had 3 spell levels left.
You didn't know any spells.
Your spell library contained the following spells:

 Spells                   Type           Power      Damage    Failure   Level
 Animate Skeleton         Necr           0%         N/A       32%         1
 Apportation              Tloc           0%         N/A       32%         1
 Corona                   Hex            0%         N/A       32%         1
 Summon Small Mammal      Summ           0%         N/A       32%         1


Dungeon Overview and Level Annotations

Branches:
Dungeon (2/15)

Altars:

Annotations:
D:2 Natasha


Innate Abilities, Weirdness & Mutations

You cannot wear most types of armour.
You are amphibious.
You can wear up to eight rings at the same time.
Your skin changes colour to match your surroundings (Stealth+).
Your rubbery body absorbs attacks. (AC +1, EV +1)
((You are camouflaged near water. (Stealth+)))
You have tentacles for arms and can constrict up to eight enemies at once.


Message History

Natasha is moderately wounded.
Natasha misses you.
You hit Natasha. You grab Natasha.
Natasha is moderately wounded.
You constrict Natasha, but do no damage.
Natasha stares at you and mumbles some strange words.
You feel yourself slow down.
You hit Natasha but do no damage.
Natasha is moderately wounded.
You constrict Natasha, but do no damage.
Natasha claws you! Natasha casts a spell at you. The magic dart hits you!
You are too injured to fight recklessly!
You are too injured to fight recklessly!
You are too injured to fight recklessly!
You are too injured to fight recklessly!
You are too injured to fight recklessly!
You are too injured to fight recklessly!
You are too injured to fight recklessly!
You are too injured to fight recklessly!
You are too injured to fight recklessly!
You are too injured to fight recklessly!
You are too injured to fight recklessly!
You are too injured to fight recklessly!
You are too injured to fight recklessly!
You are too injured to fight recklessly!
You are too injured to fight recklessly!
You hit Natasha.
Natasha is heavily wounded.
You constrict Natasha. Natasha closely misses you.
You hit Natasha.
Natasha is almost dead.
You constrict Natasha, but do no damage.
Natasha casts a spell at you. The magic dart hits you!
* * * LOW HITPOINT WARNING * * *
Natasha stares at you and mumbles some strange words.
The magic dart hits you!
You die...

.. #. #.##### #.....#
#.....# #########
#.....# #........
#.....# #........
#h@...# #........
#.....# #........
#.....# #........
.#.....#####........
..>'.....'...'.....†..
...##....#####........
### #.=..# #........
#....# #........
###### #........


You could see Natasha.

Vanquished Creatures
  Natasha (D:2)
  3 adders (D:2)
  2 dart slugs
  7 ball pythons
  3 bats
  An endoplasm (D:1)
  2 giant cockroaches
  2 goblins (D:1)
  A hobgoblin (D:2)
  8 jackals (D:1)
  2 quokkas
  A frilled lizard (D:2)
  4 kobolds (D:1)
  3 rats
40 creatures vanquished.

Notes
Turn   | Place    | Note
-------+----------+-------------------------------------------
     0 | D:1      | Delamore the Octopode Brigand began the quest for the Orb.
     0 | D:1      | Reached XP level 1. HP: 14/14 MP: 1/1
   249 | D:1      | Reached XP level 2. HP: 8/19 MP: 2/2
   533 | D:1      | Found a faded altar of an unknown god.
   557 | D:1      | Reached skill level 6 in Stealth
   761 | D:1      | Reached XP level 3. HP: 15/24 MP: 3/3
  1286 | D:2      | Noticed Natasha
  1296 | D:2      | Killed Natasha
  1491 | D:2      | Reached XP level 4. HP: 29/29 MP: 4/4
  1546 | D:2      | Reached skill level 7 in Stealth
  2084 | D:2      | Noticed Natasha
  2094 | D:2      | Killed from afar by Natasha

Illustrated notes

Levels and vault maps discovered:
D:1:      sevenhm_arrival_forest_fort_large_2, layout_rooms, serial_rivers,
          chequers_serial_rivers_marsh, chequers_serial_rivers_micro_e,
          chequers_serial_rivers_small_3, chequers_serial_rivers_large_a,
          chequers_serial_rivers_small_a, basic_ecumenical_altar
D:2:      layout_basic, uniq_natasha

Skill      XL: |  1  2  3  4 |
---------------+-------------+-----
Stealth        | 6 7 |  7.4
Short Blades   | 3 |  3.1
Fighting       | |  2.0
Throwing       | |  2.0
Dodging        | |  1.0
Shields        | |  0.3

Action                   |  1- 3 |  4- 6 || total
-------------------------+-------+-------++-------
Melee: Dagger            |    52 |    34 ||    86
       Constrict         |    12 |     6 ||    18
       Tentacles         |     9 |     4 ||    13
  Use: Scroll            |     1 |       ||     1
 Stab: Sleeping          |     8 |     5 ||    13
Armor: Skin              |     3 |     3 ||     6
Dodge: Dodged            |    29 |    18 ||    47
